[Event "Israel National League 2024"]
[Site "Israel"]
[Date "2024.03.01"]
[Round "9.26"]
[White "Sutovsky, Emil"]
[Black "Tifferet, Shakked"]
[Result "1-0"]
[ECO "B12"]
[WhiteElo "2597"]
[BlackElo "2334"]
[Annotator "TA"]
[PlyCount "143"]
[EventDate "2024.01.07"]
[EventType "team-tourn"]
[EventCountry "ISR"]
[SourceTitle "playchess.com"]
[Source "ChessBase"]
[SourceQuality "1"]
[TimeControl "40/5400+30:1800+30"]

1. e4 c6 2. d4 d5 3. e5 Bf5 4. h4 h5 5. Bd3 Bxd3 6. Qxd3 Qa5+ 7. Nd2 e6 8. Ngf3 Ne7 9. O-O Nf5 10. Nb3 Qa6 11. Qc3 Nd7 12. Bg5 Rc8 13. Qd2 c5 14. c3 Be7 15. Bxe7 Nxe7 16. Nxc5 Nxc5 17. dxc5 Rxc5 18. Qg5 Qd3 19. Qxg7 Rg8 20. Qf6 Rc4 21. Rad1 Qg6 22. g3 Qxf6 23. exf6 Nf5 24. Rfe1 Re4 25. Rxe4 $1 dxe4 26. Ng5 e3 27. Kf1 Rg6 28. Ne4 Rg4 29. Nc5 (29. f3 $1 $16 Rg6 (29... Nxg3+ $2 30. Kg2 $18) 30. Ke1 (30. Ke2 Nxg3+ 31. Kxe3 Nxe4 $16)) 29... exf2 (29... Rg6 $1 $11 {keeps the balance.}) 30. Kxf2 $16 Rg6 (30... Nxg3 $2 {loses.} 31. Kf3 Nf5 32. Nxb7 Nxh4+ (32... Rxh4 33. Rd8#) 33. Ke3 Ng2+ (33... Nf5+ $2 34. Ke2 $18) 34. Kf2 Rf4+ 35. Kxg2 $18) 31. Ne4 (31. Nxb7 $6 Rxf6 32. Nc5 Nxh4+ 33. Ke2 Nf5 $11) 31... Nh6 32. Nd6+ Kf8 33. Nf5 Ng4+ 34. Kg2 Nxf6 35. Rd8+ Ne8 36. Nd6 Ke7 37. Rxe8+ ({Don't play} 37. Nxb7 f5 $14) 37... Kxd6 38. Rh8 Ke5 39. Rxh5+ Ke4 40. Rb5 (40. Ra5 $18 a6 41. Ra4+ Ke3 42. Ra5) 40... b6 $16 41. h5 Rg8 (41... Rh6 $16 {keeps fighting.}) 42. h6 e5 43. Rb4+ Kd3 (43... Kf5 $16 {was worth a try.} 44. Rh4 Kg5) 44. Kf3 Rh8 45. Rh4 e4+ 46. Rxe4 (46. Kf2 $16) 46... Rxh6 $14 47. Rf4 $1 Rh7 48. Rd4+ Kc2 49. Rh4 $1 Rg7 ({But not} 49... Rxh4 $2 50. gxh4 Kxb2 51. h5 $18) 50. Rh2+ Kd3 51. g4 Rg6 52. Kf4 a5 (52... Rf6+ $16 53. Ke5 Rf1) 53. Kf5 $18 Rc6 54. g5 a4 {[%emt 0:00:24] [#]} 55. Rh4 (55. Rf2 $1 $18) 55... Kc2 $2 (55... b5 $16) 56. Rxa4 $18 Kxb2 57. c4 Rc7 58. Rb4+ Kc3 59. Rxb6 Kxc4 60. Rd6 Ra7 61. Kf6 Kc5 62. Rd8 Kc6 63. Rf8 Kd6 64. Rxf7 Rxa2 65. g6 Rf2+ 66. Kg7 Rg2 67. Rf1 Ke6 68. Kh7 Ke7 69. g7 Rh2+ 70. Kg8 Rg2 71. Re1+ Kf6 {[%emt 0:00:07] [#]} 72. Kf8 $1 1-0

[Event "Israel National League 2024"]
[Site "Israel"]
[Date "2024.03.01"]
[Round "9.27"]
[White "Lev, Ronen"]
[Black "Smirin, Ilia"]
[Result "1/2-1/2"]
[ECO "E62"]
[WhiteElo "2341"]
[BlackElo "2582"]
[Annotator "TA"]
[PlyCount "56"]
[EventDate "2024.01.07"]
[EventType "team-tourn"]
[EventCountry "ISR"]
[SourceTitle "playchess.com"]
[Source "ChessBase"]
[SourceQuality "1"]
[TimeControl "40/5400+30:1800+30"]

1. Nf3 Nf6 2. c4 g6 3. g3 Bg7 4. Bg2 O-O 5. O-O d6 6. Nc3 Bd7 7. d4 Re8 8. e4 e5 9. h3 exd4 10. Nxd4 Nc6 11. Be3 Qc8 12. Kh2 Ne5 (12... Nxd4 $11 13. Bxd4 c5) 13. b3 a6 {[%emt 0:00:11] White is slightly better.} 14. Rc1 c5 15. Nde2 b5 16. cxb5 ({White should try} 16. Qxd6 $14 bxc4 17. bxc4 (17. Bxc5 Nd3 $14) (17. Qxc5 Qxc5 18. Bxc5 Nd3 $15)) 16... axb5 $11 {[%emt 0:01:09] ...b4 is the strong threat.} 17. Qxd6 b4 18. Nd5 (18. Na4 $1 $11) 18... Nxd5 $15 19. Qxd5 Qa6 (19... c4 $1 $15) 20. Nf4 $11 {[%emt 0:02:15] The position is equal.} Bb5 21. Rfd1 $36 {[%emt 0:06:04][%mdl 2048] White has the initiative.} c4 22. bxc4 Nxc4 23. Bc5 Re5 24. Qd4 Ree8 $1 25. Qd5 Re5 26. Qd4 {[%emt 0:00:23] Nd5 would now be deadly.} Ree8 $1 27. e5 Bxe5 28. Qd5 Bc3 {[%emt 0:00:30] Weighted Error Value: White=0.11 (very precise) /Black=0.09 (flawless) .  Mistake:       	White=2     	Black=3      Inaccurate:     	White=1     	---        OK:         	White=11    	Black=5      Best:        	---       	Black=2      Strong:       	---       	Black=2} (28... Bxf4 $11 29. gxf4 Nb2) 1/2-1/2

[Event "Israel National League 2024"]
[Site "Israel"]
[Date "2024.03.01"]
[Round "9.28"]
[White "Globus, Or"]
[Black "Ben-Menachem, Itzhak"]
[Result "1-0"]
[ECO "A16"]
[WhiteElo "2434"]
[BlackElo "2266"]
[Annotator "TA"]
[PlyCount "89"]
[EventDate "2024.01.07"]
[EventType "team-tourn"]
[EventCountry "ISR"]
[SourceTitle "playchess.com"]
[Source "ChessBase"]
[SourceQuality "1"]
[TimeControl "40/5400+30:1800+30"]

1. c4 Nf6 2. Nc3 c6 3. e4 d5 4. cxd5 cxd5 5. e5 d4 6. Qa4+ (6. exf6 {simplifies} dxc3 7. dxc3 Qxd1+ 8. Kxd1 exf6 9. Be3) 6... Nc6 7. exf6 dxc3 8. dxc3 {[%emt 0:01:46] The position is equal.} gxf6 9. Be3 Rg8 10. Nf3 e5 11. g3 Bd7 12. Qc2 {[%emt 0:08:07] White is more active.} h6 13. Nh4 Qc7 14. Bd3 O-O-O 15. O-O-O Be6 16. Bf5 Rxd1+ 17. Rxd1 h5 (17... Kb8 $16) 18. Qe2 $18 Bxf5 19. Nxf5 Rh8 20. Qc4 a6 (20... Kb8 $142 21. Qh4 Be7) 21. Kb1 Kb8 22. f3 Qc8 23. Qe4 {[%emt 0:01:20] Black is weak on the dark squares} Qe6 24. h4 Kc7 25. g4 hxg4 (25... Nb8 {was called for.} 26. Rd5 Nd7) 26. fxg4 Na5 27. Rd5 Nc6 28. h5 Rg8 29. Rd3 Na5 30. b3 {[%emt 0:00:51] Prevents Qc4. Rd2 would now be deadly.} Nc6 $2 {[%emt 0:01:39] [#]} (30... Qc6 31. Qxc6+ (31. Qd5 Qxd5 32. Rxd5 Nc6 $11) 31... Nxc6) 31. Kb2 Nb8 32. h6 Nc6 (32... Qc6 {was worth a try.} 33. Rd5 Nd7) 33. Rd5 Nb8 34. b4 Nc6 35. a4 Nb8 36. b5 axb5 37. axb5 Nd7 38. Qc4+ Kb8 39. Qd3 {[%emt 0:00:41] [#] Threatens to win with h7.} Nb6 40. Rd8+ Kc7 41. Bxb6+ Kxb6 42. Ne3 {[%emt 0:02:17] Intending Nd5+ and mate.} e4 43. Nd5+ {[%emt 0:07:44] White mates.} Ka7 44. Qd4+ b6 45. Qa4+ {[%emt 0:00:12] Black got outplayed after the opening.   Weighted Error Value: White=0.32/Black=0.56.  Mistake:       	---       	Black=5      Inaccurate:     	White=2     	Black=9      OK:         	White=14    	Black=9} 1-0

[Event "Israel National League 2024"]
[Site "Israel"]
[Date "2024.03.01"]
[Round "9.29"]
[White "Klar, Nir"]
[Black "Alekseev, Evgeny"]
[Result "0-1"]
[ECO "B48"]
[WhiteElo "2157"]
[BlackElo "2563"]
[Annotator "TA"]
[PlyCount "66"]
[EventDate "2024.01.07"]
[EventType "team-tourn"]
[EventCountry "ISR"]
[SourceTitle "playchess.com"]
[Source "ChessBase"]
[SourceQuality "1"]
[TimeControl "40/5400+30:1800+30"]

1. e4 c5 2. Nf3 e6 3. d4 cxd4 4. Nxd4 Nc6 5. Nc3 a6 6. Be3 Nf6 7. Bd3 Qc7 8. O-O Ne5 9. h3 Bc5 10. Qd2 d6 11. f4 Ned7 12. Rab1 {[%emt 0:02:45] White is slightly better.} O-O 13. b4 $1 Ba7 14. a4 Rd8 15. Rbe1 Nf8 16. g4 ({White should try} 16. e5 $14 Ne8 (16... dxe5 17. fxe5 Nd5 18. Nxd5 $16) 17. Nf3) 16... Bd7 17. Nde2 Bxe3+ 18. Qxe3 Be8 19. g5 N6d7 20. f5 Qb6 21. Qxb6 Nxb6 22. b5 (22. a5 $11 Nbd7 23. Na4) 22... a5 $15 23. Kf2 Nfd7 24. Ke3 Rdc8 25. Kd2 Ne5 26. Nf4 Bd7 27. Ra1 Rc5 {[%emt 0:01:23] Black is more active.} 28. Nce2 (28. fxe6 $17 {keeps fighting.} fxe6 29. g6) 28... exf5 $19 29. Nd4 Nec4+ 30. Bxc4 (30. Kc1 $142) 30... Nxc4+ 31. Kd3 fxe4+ {[%emt 0:00:12] Black is clearly winning.} 32. Kxe4 (32. Ke2 $142) 32... Re8+ 33. Kf3 Nd2+ {[%emt 0:00:07] Weighted Error Value: White=0.36/Black=0.05 (flawless) .  Mistake:       	White=5     	---        Inaccurate:     	White=2     	Black=1      OK:         	White=8     	Black=11     Best:        	---       	Black=1      Strong:       	White=1     	---} 0-1

[Event "Israel National League 2024"]
[Site "Israel"]
[Date "2024.03.01"]
[Round "9.30"]
[White "Golod, Vitali"]
[Black "Michaeli, Omri"]
[Result "0-1"]
[ECO "E12"]
[WhiteElo "2498"]
[BlackElo "1971"]
[Annotator "TA"]
[PlyCount "108"]
[EventDate "2024.01.07"]
[EventType "team-tourn"]
[EventCountry "ISR"]
[SourceTitle "playchess.com"]
[Source "ChessBase"]
[SourceQuality "1"]
[TimeControl "40/5400+30:1800+30"]

1. d4 Nf6 2. c4 e6 3. Nf3 b6 4. a3 c5 5. d5 Ba6 {[%emt 0:00:58] [#]} 6. e4 Nxe4 $11 7. Bd3 Nf6 8. O-O {[%emt 0:00:31] The position is equal.} Be7 9. Re1 O-O 10. Nc3 exd5 11. cxd5 Bxd3 12. Qxd3 {[%emt 0:00:25] Black must now prevent d6.} d6 13. Nh4 g6 {[%emt 0:04:55] Wards off Nf5} 14. Bh6 Re8 {[%emt 0:08:16] ...Ng4 would now be deadly.} 15. Nf5 $1 Ng4 {[%emt 0:00:39] [#]} 16. Qg3 $1 Nxh6 17. Nxh6+ Kg7 {[%emt 0:02:31] [#]} 18. Ne4 $2 {[%emt 0:15:07][%mdl 8192] Now White is beyond hope.} Kxh6 $19 19. Qc3 Nd7 20. Re3 Bf6 21. Qd2 Kg7 22. Rae1 Ne5 {[%emt 0:06:12] And now ...Nc4 would win.} 23. R3e2 h5 24. b3 Kf8 25. Nxf6 Qxf6 26. Qh6+ Qg7 27. Qxg7+ Kxg7 28. f4 {[%emt 0:00:02] [#]} f6 $1 29. Kf1 {[%emt 0:05:36] [#]} (29. fxe5 Rxe5) 29... Kf7 $1 30. fxe5 Rxe5 31. Rxe5 dxe5 {[%emt 0:02:09][%mdl 4096] Endgame. KR-KR} ({But not} 31... fxe5 32. Ke2 $19) 32. Ke2 Rd8 33. Rd1 h4 34. Ke3 f5 35. b4 cxb4 36. axb4 Ke7 37. b5 Rc8 38. d6+ Kd7 39. Rd2 Rc3+ 40. Kf2 Rb3 41. Ra2 Kxd6 42. Rxa7 Ke6 43. Rh7 Rb4 44. h3 Kf6 45. Rh8 Kg5 46. Re8 Rxb5 47. Re6 Rb2+ 48. Kf1 e4 {[%emt 0:00:11] Black mates.} 49. Kg1 b5 50. Kf1 b4 51. Rb6 b3 52. Kg1 Rb1+ 53. Kf2 b2 54. Rb3 {[%emt 0:01:35] [#]} e3+ $1 {[%emt 0:00:27] Weighted Error Value: White=0.50/Black=0.04 (flawless) .  Loses game:     	White=1     	---        Inaccurate:     	---       	Black=1      OK:         	White=9     	Black=20     Best:        	White=2     	Black=5      Strong:       	White=1     	---} 0-1

[Event "Israel National League 2024"]
[Site "Israel"]
[Date "2024.03.01"]
[Round "9.31"]
[White "Levin, Guy"]
[Black "Greenfeld, Alon"]
[Result "1/2-1/2"]
[ECO "A40"]
[WhiteElo "2435"]
[BlackElo "2455"]
[Annotator "TA"]
[PlyCount "109"]
[EventDate "2024.01.07"]
[EventType "team-tourn"]
[EventCountry "ISR"]
[SourceTitle "playchess.com"]
[Source "ChessBase"]
[SourceQuality "1"]
[TimeControl "40/5400+30:1800+30"]

1. Nf3 c5 2. e3 g6 3. d4 Bg7 4. a3 cxd4 5. exd4 Nf6 6. Bd3 {[%emt 0:00:48] A40: Unusual replies to 1 d4.} Nc6 $146 ({Predecessor:} 6... O-O 7. O-O d5 8. Re1 Bf5 9. Bxf5 gxf5 10. Nbd2 e6 11. Nf1 Nc6 12. Ng3 Kh8 {½-½ Ganaus,H (2303)-Weiss,C (2361) Niederoesterreich Landesliga 1617 2016 (5.1)}) 7. O-O O-O 8. Re1 d6 9. Nc3 Bg4 10. h3 Bxf3 11. Qxf3 d5 12. Be3 e6 13. Qd1 Rc8 14. Ne2 Qb6 15. Rb1 Rfd8 16. c3 Na5 17. b3 Qc6 18. a4 a6 19. Qc2 b5 20. axb5 axb5 21. Qb2 (21. Ra1 $5 Nc4 22. Bg5 $17 (22. bxc4 bxc4 23. Bxg6 hxg6 $15)) 21... Nb7 22. Ra1 Nd6 23. Ra5 Nfe4 24. Rc1 Rb8 (24... Nf5 {seems wilder.} 25. Bf4 e5 26. dxe5 Qb6) 25. f3 (25. Qa2 $11) 25... Nf6 (25... Nf5 $1 $15 26. Bf4 e5) 26. Qa2 Nfe8 27. Ra6 Rb6 28. Ra1 Bf8 29. Rxb6 Qxb6 30. Qa7 Qxa7 31. Rxa7 Rb8 32. Bf4 f6 33. Kf1 Rc8 34. Ke1 Rc7 35. Ra6 Rb7 36. g4 Kf7 37. h4 Ke7 38. Kd1 Kd7 39. Ra8 Be7 40. h5 gxh5 41. gxh5 ({Of course not} 41. Bxh7 $6 hxg4 42. fxg4 b4 $11) 41... f5 42. Nc1 Nf7 {[%emt 0:00:00] [#]} (42... Rc7 $142) 43. b4 $1 $16 Nf6 $2 (43... Bd6 $16 {is a better defense.} 44. Bxd6 (44. Nb3 Nc7 $11) 44... Nexd6) 44. Nb3 Nxh5 45. Bh2 (45. Bb8 $18 {has better winning chances.}) 45... f4 $16 46. Na5 Rb6 47. Ra7+ Ke8 $1 48. Bxh7 Ng3 49. Ra8+ Kd7 50. Bg6 Ng5 $1 51. Be8+ Kc7 $1 52. Ra7+ Kd8 53. Ra8+ Kc7 54. Ra7+ Kd8 55. Ra8+ 1/2-1/2

[Event "Israel National League 2024"]
[Site "Israel"]
[Date "2024.03.01"]
[Round "9.32"]
[White "Dvoirys, Semen I."]
[Black "Grinberg, Eyal"]
[Result "1-0"]
[ECO "B88"]
[WhiteElo "2466"]
[BlackElo "2471"]
[Annotator "RC"]
[PlyCount "67"]
[EventDate "2024.01.07"]
[EventType "team-tourn"]
[EventCountry "ISR"]
[SourceTitle "playchess.com"]
[Source "ChessBase"]
[SourceQuality "1"]
[TimeControl "40/5400+30:1800+30"]

1. e4 c5 2. Nf3 d6 3. d4 cxd4 4. Nxd4 Nf6 5. Nc3 a6 6. Bc4 e6 7. a4 Be7 8. O-O O-O 9. Be3 Nc6 10. Qe2 Qc7 11. f4 Nxd4 12. Bxd4 e5 13. Be3 Be6 14. Bb3 Rac8 15. Qf3 exf4 16. Qxf4 Qa5 17. Rad1 Bxb3 18. cxb3 Qb4 19. Qg3 Kh8 20. Bd4 Qxb3 21. Rd3 Qe6 22. Nd5 Ne8 23. Qf4 Bd8 24. b3 Rc2 25. Ne3 Ra2 26. Nf5 Re2 27. Qg4 Rxe4 28. Bxg7+ Kg8 29. Qg3 Qg6 30. Bxf8 Kxf8 31. Qf3 Qe6 32. Nxd6 Bb6+ 33. Kh1 Re1 34. Nxf7 1-0

[Event "Israel National League 2024"]
[Site "Israel"]
[Date "2024.03.01"]
[Round "9.33"]
[White "Mesropov, Konstantin"]
[Black "Khmelniker, Ilya"]
[Result "1-0"]
[ECO "E62"]
[WhiteElo "2440"]
[BlackElo "2469"]
[Annotator "TA"]
[PlyCount "29"]
[EventDate "2024.01.07"]
[EventType "team-tourn"]
[EventCountry "ISR"]
[SourceTitle "playchess.com"]
[Source "ChessBase"]
[SourceQuality "1"]
[TimeControl "40/5400+30:1800+30"]

1. Nf3 Nf6 2. c4 g6 3. Nc3 Bg7 4. g3 O-O 5. Bg2 c6 6. d4 d6 7. O-O Bf5 8. Bg5 Na6 9. Qd2 Re8 10. Nh4 {[%emt 0:14:12] next Nxf5 is good for White. White has an edge.} Be6 11. b3 d5 12. c5 {[%emt 0:03:32] [#]} Ne4 $1 13. Bxe4 dxe4 14. Rad1 {[%emt 0:00:15] [#]} Nxc5 $2 15. dxc5 {[%emt 0:37:47] Weighted Error Value: White=0.12 (very precise) /Black=0.59.  Loses game:     	---       	Black=1      Inaccurate:     	White=1     	---        OK:         	White=2     	Black=3} 1-0

[Event "Israel National League 2024"]
[Site "Israel"]
[Date "2024.03.01"]
[Round "9.34"]
[White "Vydeslaver, Alik"]
[Black "Bakalchuk, Johnatan"]
[Result "1-0"]
[ECO "E68"]
[WhiteElo "2373"]
[BlackElo "2450"]
[Annotator "TA"]
[PlyCount "145"]
[EventDate "2024.01.07"]
[EventType "team-tourn"]
[EventCountry "ISR"]
[SourceTitle "playchess.com"]
[Source "ChessBase"]
[SourceQuality "1"]
[TimeControl "40/5400+30:1800+30"]

1. Nf3 g6 2. g3 Bg7 3. d4 Nf6 4. Bg2 O-O 5. O-O d6 6. c4 Nbd7 7. Nc3 e5 8. e4 a6 9. Re1 Re8 (9... exd4 $5 10. Nxd4 Rb8 $14) 10. d5 a5 11. Qc2 Nc5 {[%emt 0:01:33] White has an edge.} 12. b3 c6 13. Bg5 h6 14. Be3 cxd5 15. cxd5 Bd7 (15... b6 $1 $14 {is superior.}) 16. Bxc5 $16 dxc5 17. Bf1 Re7 18. Nd2 h5 19. a4 h4 20. Nc4 (20. gxh4 Nh5 $14) 20... Bh6 (20... Rb8 $16 21. Rad1 (21. gxh4 Re8 $14) 21... Re8) 21. Rad1 (21. gxh4 $6 Nh5 $14) 21... Nh7 (21... Re8 $16 22. Nb5 (22. gxh4 Nh5 $14) 22... Bxb5) 22. d6 $18 (22. gxh4 $6 Re8 $16) 22... Re8 23. Nd5 {[%emt 0:00:30] Black must now prevent Ne7+.} Ng5 (23... hxg3 $142 24. hxg3 (24. fxg3 Rb8 $18) 24... Rb8) 24. Bg2 (24. gxh4 $2 Nf3+ 25. Kg2 Qxh4 $19 (25... Nxe1+ 26. Rxe1 Qxh4 27. Qc3 $15) (25... Nxe1+ 26. Rxe1 Qxh4 27. Ncb6 $19)) (24. Ncb6 $142) 24... h3 25. Bh1 Bg7 26. Ncb6 {[%emt 0:05:24] A dynamic duo of knights.} Ra6 27. Nxd7 (27. Qxc5 $6 Ne6 28. Qe3 Nd4 29. Nxd7 Qxd7 $14) 27... Qxd7 28. Nc7 (28. Qxc5 Ne6 29. Qb5 Rd8 $17) 28... Rc6 (28... Rxd6 {was worth a try.} 29. Nxe8 Rxd1 30. Rxd1 Qxe8 31. Qxc5 Qe6) 29. Nxe8 Qxe8 30. d7 Qd8 31. Rd5 Ne6 32. Qc4 {[%emt 0:00:22] Bf3 is the strong threat.} Rb6 (32... Nd4 $142 33. Rd1 (33. Rxc5 Qxd7 34. Rxc6 bxc6 $11) 33... g5) 33. Red1 Rb4 34. Qf1 Rxb3 35. Qxh3 c4 36. Qg4 (36. Qf1 $18 Rb4 37. Bf3) 36... c3 $16 {[%emt 0:00:42] Strongly threatening ...c2.} 37. Rc1 Bf6 (37... Bh6 $16 {is a better defense.} 38. Qd1 Bxc1 (38... Nd4 $2 39. Rxe5 Qxd7 40. Rd5 $18) 39. Qxb3 Bd2) 38. Qf3 Kg7 39. Rxc3 Rb1+ 40. Rd1 Nd4 41. Rxb1 ({White should try} 41. Qg4 $1 $18 Rxd1+ 42. Qxd1) 41... Nxf3+ 42. Bxf3 Qxd7 43. Rcb3 {[%emt 0:00:00] White is more active.} Qxa4 44. Rxb7 Qc2 {[%emt 0:00:00] [#]} (44... Bd8 $16) 45. Rd1 $1 $18 a4 $2 (45... Bg5 46. Rdd7 Qa2) 46. Rdd7 Qc4 47. Ra7 $2 (47. Kg2) 47... a3 48. Kg2 a2 49. Rd2 Be7 50. Raxa2 (50. Rxe7 $2 {is the wrong capture.} a1=Q (50... a1=B $2 51. Be2 $18) 51. Rd1 Qac3 $19) 50... Bc5 51. Rac2 Qb4 52. Rb2 Qa3 53. Rb7 Bd4 54. Rc2 Qa4 55. Rbc7 Qa1 (55... Kh6 $16 56. h4 Bb6) 56. h4 Bb6 57. R7c6 Qa4 58. R6c4 Qa3 59. h5 {[%emt 0:00:00] Threatens to win with hxg6.} Kh6 $2 (59... Qd3 60. hxg6 fxg6) 60. Rc6 $2 (60. hxg6 fxg6 61. Bg4) 60... Qa4 61. R6c4 $2 (61. Rc8) 61... Qa3 $1 62. hxg6 fxg6 63. Bg4 Kg5 64. Be6 Bd4 65. Bd5 $2 (65. Rc6 $18 {And now Bf7 would win.} Qf8 66. Bd5) 65... Qd3 $2 {[%emt 0:01:03][%mdl 8192] [#]} (65... Kg4 $11) 66. Rc6 $1 Kh6 67. Ra2 {[%emt 0:00:16] White threatens Raa6 and mate.} Kh5 68. Rf6 Bc5 69. Ra8 {[%emt 0:00:50] Rg8 would kill now.} Be7 70. Re6 {[%emt 0:01:00][%csl LRe5,LRe7] White mates.} Bc5 71. Rh8+ Kg5 72. Rg8 Bxf2 73. Rgxg6+ {[%emt 0:00:07] Weighted Error Value: White=0.40/Black=0.44.  Missed win:     	White=1     	---        Mistake:       	White=5     	Black=11     Inaccurate:     	White=4     	Black=2      OK:         	White=22    	Black=14     Best:        	White=6     	Black=5      Strong:       	White=2     	Black=1} (73. Rexg6+ $142 Kh5 74. g4+ Kh4 75. Rh8#) 1-0

[Event "Israel National League 2024"]
[Site "Israel"]
[Date "2024.03.01"]
[Round "9.35"]
[White "Shohat, Yotam"]
[Black "Pasman, Michael"]
[Result "1-0"]
[ECO "B10"]
[WhiteElo "2328"]
[BlackElo "2341"]
[Annotator "TA"]
[PlyCount "87"]
[EventDate "2024.01.07"]
[EventType "team-tourn"]
[EventCountry "ISR"]
[SourceTitle "playchess.com"]
[Source "ChessBase"]
[SourceQuality "1"]
[TimeControl "40/5400+30:1800+30"]

1. e4 c6 2. c4 d5 3. cxd5 cxd5 4. exd5 Nf6 5. Nc3 Nxd5 6. Nf3 Nc6 7. Bb5 e6 8. O-O Be7 9. d4 O-O 10. Re1 Bd7 11. a3 {[%emt 0:08:07] B10: Caro-Kann: 2 d3 and 2 c4.} Rc8 12. Bd3 Bf6 13. Bc2 Nxc3 14. bxc3 Na5 $146 ({Predecessor:} 14... Ne7 15. Qd3 Ng6 16. Nd2 Bc6 17. Ne4 Bxe4 18. Rxe4 Qd5 19. Rb1 Rfd8 20. Bd2 b6 21. a4 Qc6 22. Rb5 Rd5 {1-0 Kashtanov,R (2345)-Ulyanin,S (2306) Vladimir op-A 2009 (2)}) 15. Qd3 g6 16. Ne5 Bc6 17. c4 b6 18. Bd2 Qc7 19. Bf4 Qb7 (19... Bxe5 $11 20. Bxe5 Qd8) 20. Qg3 $14 Bg7 21. Rad1 Bd5 (21... Rfd8 $11) 22. cxd5 $16 Rxc2 23. dxe6 fxe6 24. Ng4 Nc6 25. Bd6 (25. Rxe6 Nxd4 26. Rxd4 Bxd4 $19) ({Better is} 25. Bh6 $14 Rc4 26. Bxg7 (26. Rxe6 Rxd4 27. Rd6 Rxd1+ 28. Rxd1 Nd4 $14) 26... Qxg7 27. Qd6 (27. Rxe6 Nxd4 28. Re4 Rcc8 $16)) 25... Rc8 (25... Rd8 $11) 26. Qe3 (26. Rxe6 $2 Nxd4 27. Ree1 Ne2+ 28. Rxe2 Rxe2 $19) 26... Qd7 27. Bg3 (27. Be5 {simplifies} Nxe5 28. dxe5 Qe7 29. h3) 27... Qd5 (27... Bxd4 $2 28. Rxd4 (28. Qxe6+ Qxe6 29. Rxe6 Kf7 $18) (28. Nf6+ Kf7 $18) 28... Qxd4 29. Qxe6+ Kg7 30. Be5+ $18 (30. Qxc8 Re2 $18) (30. Qxc8 Re2 $18)) (27... Nxd4 $2 28. Ne5 $18) (27... Ne7 $11) 28. h3 h5 (28... Nxd4 $2 29. Be5 Bxe5 30. Nxe5 $18) 29. Ne5 (29. Nh6+ $5 Kh7 30. Nf7 $16) 29... Nxe5 $1 30. Bxe5 Bxe5 ({Black should try} 30... Rf8 $11) 31. dxe5 $14 Qc5 $2 (31... Qb7 $16) 32. Qg3 $18 Kh8 33. Rf1 (33. Rd7 $18 Rc1 34. Qxg6 Rxe1+ 35. Kh2 Rh1+ (35... Qxe5+ $2 36. g3 $18) 36. Kxh1 Qc1+ 37. Kh2 Qf4+ 38. Qg3 Qxg3+ 39. Kxg3) 33... Rg8 $16 34. Rd7 Rg7 35. Rd6 Rc1 {[%emt 0:00:30] [#]} 36. Rxc1 $1 (36. Rxe6 $2 {loses.} Rxf1+ 37. Kxf1 Qc1+ (37... Qc4+ $2 38. Kg1 $19) 38. Ke2 Qc4+ 39. Ke1 Qxe6 $19) 36... Qxc1+ 37. Kh2 Qc4 (37... Re7 $142 38. Qxg6 Qf4+ 39. Qg3 Qf5) 38. Qf3 Kh7 39. Qf6 Qc5 $2 (39... g5 {might work better.} 40. Rxe6 (40. Qxe6 Qf4+ 41. Kg1 Qc1+ 42. Kh2 Qf4+ 43. Kh1 Qc1+ 44. Kh2 Qf4+ $11) 40... Qf4+ 41. Qxf4 gxf4) 40. Rxe6 $18 ({And not} 40. Qxe6 Qxf2 41. Qb3 h4 $11) 40... Qxa3 $2 (40... Qc7 $18 41. g4 Qf7) 41. Re8 Qb4 42. e6 (42. g4 $142 Qa4 43. Qf8 Qxe8 44. Qxe8) 42... Qd6+ 43. g3 a5 44. Rd8 1-0

[Event "Israel National League 2024"]
[Site "Israel"]
[Date "2024.03.01"]
[Round "9.36"]
[White "Taichman, Ori"]
[Black "Aharonovich, Itamar"]
[Result "1-0"]
[ECO "B20"]
[WhiteElo "2307"]
[BlackElo "2339"]
[Annotator "RC"]
[PlyCount "81"]
[EventDate "2024.01.07"]
[EventType "team-tourn"]
[EventCountry "ISR"]
[SourceTitle "playchess.com"]
[Source "ChessBase"]
[SourceQuality "1"]
[TimeControl "40/5400+30:1800+30"]

1. e4 c5 2. b3 Nf6 3. e5 Nd5 4. Bb2 g6 5. Nc3 Nxc3 6. Bxc3 Bg7 7. Qe2 O-O 8. O-O-O Nc6 9. h4 d5 10. exd6 Qxd6 11. h5 Nd4 12. Qe3 a5 13. Re1 Bf5 14. Qxe7 Qc6 15. hxg6 Bxg6 16. Qh4 a4 17. Bd3 axb3 18. Qxh7+ Bxh7 19. Bxh7+ Kh8 20. Be4+ Qh6 21. Rxh6+ Bxh6 22. axb3 Bg7 23. Nf3 Rfe8 24. Bxb7 Rxe1+ 25. Nxe1 Ra7 26. Bd5 Ne2+ 27. Kb2 Nxc3 28. dxc3 Kg8 29. Nd3 Rc7 30. f4 Kf8 31. g4 Ke8 32. g5 Ke7 33. f5 Kd6 34. Bc4 f6 35. g6 Bh6 36. Bf7 Ke7 37. b4 Be3 38. Kb3 Rc8 39. Be6 c4+ 40. Kb2 cxd3 41. cxd3 1-0

[Event "Israel National League 2024"]
[Site "Israel"]
[Date "2024.03.08"]
[Round "11.1"]
[White "Greenfeld, Alon"]
[Black "Tzidkiya, Yeshaayahu"]
[Result "1/2-1/2"]
[ECO "E11"]
[WhiteElo "2455"]
[BlackElo "2448"]
[Annotator "RC"]
[PlyCount "61"]
[EventDate "2024.01.07"]
[EventType "team-tourn"]
[EventCountry "ISR"]
[SourceTitle "playchess.com"]
[Source "ChessBase"]
[SourceQuality "1"]
[TimeControl "40/5400+30:1800+30"]

1. d4 Nf6 2. c4 e6 3. Nf3 Bb4+ 4. Nbd2 d5 5. Qa4+ Nc6 6. e3 O-O 7. Qc2 Re8 8. a3 Bf8 9. b4 e5 10. dxe5 Nxe5 11. Bb2 Nxf3+ 12. Nxf3 c5 13. bxc5 Bxc5 14. Be2 Ne4 15. O-O Bf5 16. Qb3 dxc4 17. Bxc4 Be6 18. Rac1 Qb6 19. Qxb6 axb6 20. Bxe6 Rxe6 21. Rfd1 Rd6 22. Nd4 f6 23. Kf1 Kf7 24. Ke2 Ra6 25. f3 Ng5 26. Nb5 Rxd1 27. Rxd1 Ke7 28. Nc7 Ra5 29. Nd5+ Kf7 30. Nb4 Ke6 31. Rd3 1/2-1/2